AoeStats
← 军军

Arabia

510072758Analyzed
1v1 RM · 3d ago on Sep 29, 2026· 20m 12s· 2 players
Game mode
Random Map
Map size
Tiny (2 player)
Population
200
Speed
Normal
Resources
Standard
Victory
Conquest
Starting age
Dark Age
Ending age
Imperial Age
RankedLock teamsTeams togetherTeam positionsShared explorationLock speedFull tech treeHidden civsTurbo modeCheats
Victory
Defeat
🇨🇳 Teutons · China
810
+15
🇧🇪 Franks · Belgium
794
-15
Tony Montagne
1:45 Loom
13:07 Feudal Age
14:28 Man-at-Arms
19:09 Wheelbarrow
19:47 Stone Mining
军军
6:34 Loom
10:54 Feudal Age
11:21 Double-Bit Axe
11:12 Man-at-Arms
13:17 Horse Collar
16:18 Scale Mail Armor
16:29 Forging
18:30 Wheelbarrow
Connection lost

Rejoining the realm…

Still unreachable

The connection could not be restored.

Session expired

The server has moved on; the page needs a fresh start.